 Dungeon Crawl Stone Soup version 0.26-a0-774-g1415c89e12 (webtiles) character file.

Game seed: 12418838020925450250

125 Delamore the Shield-Bearer (level 5, -8/34 HPs)
             Began as a Gargoyle Fighter on Nov 9, 2020.
             Killed by divine providence
             ... invoked by an orc priest
              (14 damage)
             ... on level 3 of the Dungeon.
             The game lasted 00:02:11 (2297 turns).

Delamore the Shield-Bearer (Gargoyle Fighter)       Turns: 2297, Time: 00:02:11

Health: -8/34      AC: 10    Str: 20    XL:     5   Next: 9%
Magic:  5/5        EV:  7    Int:  9    God:
Gold:   172        SH:  9    Dex:  9    Spells: 4/4 levels left

rFire    . . .     SeeInvis .   s - +1 mace (vorpal)
rCold    . . .     Faith    .   c - +0 kite shield
rNeg     + . .     Spirit   .   b - +0 scale mail
rPois    ∞         Reflect  .   (no helmet)
rElec    +         Harm     .   (no cloak)
rCorr    .         Rampage  .   (no gloves)
MR       .....                  (no boots)
Stlth    ..........             g - amulet of the acrobat
HPRegen  0.11/turn              (no ring)
MPRegen  0.09/turn              (no ring)

@: no status effects
A: negative energy resistance 1, electricity resistance, unbreathing,
petrification resistance, rot immunity, AC +4
a: no special abilities


You were on level 3 of the Dungeon.
You visited 1 branch of the dungeon, and saw 3 of its levels.

You collected 172 gold pieces.

Inventory:

Hand Weapons
 a - a +0 flail
 s - a +1 vorpal mace (weapon)
Missiles
 t - 19 poisoned darts (quivered)
Armour
 b - a +0 scale mail (worn)
 c - a +0 kite shield (worn)
Jewellery
 g - an amulet of the acrobat (around neck)
 n - an uncursed amulet of magic regeneration
 v - an uncursed ring of protection from cold
Scrolls
 h - 3 scrolls of remove curse {unknown}
 i - 4 scrolls of identify {unknown}
 k - a scroll of random uselessness {unknown}
 l - 2 scrolls of immolation {unknown}
 m - 2 scrolls of blinking {unknown}
 u - a scroll of magic mapping {unknown}
Potions
 d - 2 potions of might
 e - 2 potions of curing {unknown}
 f - a potion of lignification {unknown}
 j - 3 potions of mutation {unknown}
 o - a potion of flight {unknown}
 p - 2 potions of heal wounds {unknown}
 q - a potion of degeneration {unknown}
 r - a potion of magic {unknown}


   Skills:
 + Level 4.4 Fighting
 + Level 3.3 Maces & Flails
 - Level 3.2 Armour
 + Level 4.4 Shields


You had 4 spell levels left.
You didn't know any spells.
Your spell library was empty.

Dungeon Overview and Level Annotations

Branches:
Dungeon (3/15)

Altars:
Elyvilon
Xom


Innate Abilities, Weirdness & Mutations

You are resistant to torment.
Your stone body is resilient. (AC +4)
You are immune to poison.
You resist negative energy. (rN+)
You are resistant to electric shocks. (rElec)
You can survive without breathing.
You are immune to petrification.
You are immune to rotting.


Message History

You are too injured to fight recklessly!
You are too injured to fight recklessly!
You are too injured to fight recklessly!
You are too injured to fight recklessly!
You are too injured to fight recklessly!
You closely miss the orc priest. You block the orc priest's attack.
You sock the orc priest!
The orc priest is heavily wounded.
The orc priest hits you with a +0 short sword.
* * * LOW HITPOINT WARNING * * *
The orc hits you but does no damage.
You closely miss the orc priest.
The orc priest is heavily wounded.
You block the orc's attack. The orc closely misses you.
The orc wizard casts a spell at you. The puff of frost hits you.
* * * LOW HITPOINT WARNING * * *
The orc priest invokes the aid of Beogh against you.
Beogh smites you!
You die...

+...... ##.....#####
#........... .
......##........... .
#.....##...........
##.................. #
#..........ooo...... .
###.....>....o@o......
.
#..............†.###..
.
#...)......###...###.
..
#....†................
..
#...).......#######...
.. ##..........# .. ..
#....##....# . ..
#....####### .. #....#
..


You could see an orc priest, an orc wizard and 3 orcs.

Vanquished Creatures
  A hound (D:3)
  An adder (D:2)
  A worm (D:3)
  2 dart slugs
  A leopard gecko (D:2)
  7 orcs (D:3)
  4 giant cockroaches
  7 goblins
  10 hobgoblins
  4 jackals (D:1)
  8 kobolds
  3 quokkas
  2 ball pythons (D:3)
  6 bats
  4 frilled lizards
  7 rats
68 creatures vanquished.

Notes
Turn   | Place    | Note
-------+----------+-------------------------------------------
     0 | D:1      | Delamore the Gargoyle Fighter began the quest for the Orb.
     0 | D:1      | Reached XP level 1. HP: 14/14 MP: 1/1
    39 | D:1      | Reached XP level 2. HP: 18/19 MP: 2/2
   392 | D:1      | Reached XP level 3. HP: 24/24 MP: 3/3
  1035 | D:2      | Found a white marble altar of Elyvilon.
  1582 | D:2      | Reached XP level 4. HP: 26/29 MP: 4/4
  1755 | D:3      | Found a shimmering altar of Xom.
  1755 | D:3      | Found a shimmering altar of Xom.
  2177 | D:3      | Reached XP level 5. HP: 34/34 MP: 5/5
  2297 | D:3      | Killed from afar by an orc priest

Illustrated notes

Levels and vault maps discovered:
D:1:      dpeg_arrival_round_c, layout_basic, kennysheep_flooded_box
D:2:      layout_loops_cross, elyvilon_altar_5, minmay_door_square
D:3:      layout_basic, tso_oasis_becter, grunt_ministairs_3, xom_redecorated

Skill      XL: |  1  2  3  4 |
---------------+-------------+-----
Shields        | 4 |  4.4
Fighting       | 4 |  4.4
Maces & Flails | 3 |  3.3
Armour         | |  3.2

Action                   |  1- 3 |  4- 6 || total
-------------------------+-------+-------++-------
Melee: Flail             |   148 |    34 ||   182
       Mace              |       |    62 ||    62
Armor: Scale mail        |    79 |    57 ||   136
Dodge: Dodged            |    59 |    58 ||   117
Block: Kite shield       |    95 |    76 ||   171

Table legend: (Time is in decaauts)
 A = Elapsed time spent in this place.
 B = Non-inter-level travel time spent in this place.
 C = Inter-level travel time spent in this place.
 D = Time resting spent in this place.
 E = Time spent auto-exploring this place.
 F = Levels seen in this place.
 G = Mean time per level.
                   A        B        C        D        E       F      G
               +--------+--------+--------+--------+--------+-----+--------+
         Total |   2378 |   2335 |     43 |    146 |   1632 |   3 |  792.7 |
       Dungeon |   2378 |   2335 |     43 |    146 |   1632 |   3 |  792.7 |
               +--------+--------+--------+--------+--------+-----+--------+

Top non-repeatable levels by time:
     D:1: 1035 daAuts
     D:2: 718 daAuts
     D:3: 624 daAuts
